HSSL
SHELBY HS ROCKETS @ MAIZE HS
05/07/2025
 
TOP OF THE 1ST
Shelby HS Rockets batting - Pitching for Maize HS : RHP Tony Zamora
Pitching: RHP Tony Zamora
Batting: LHB Justin Tubridy 0-0: Ball
1-0: Called Strike
1-1: Fly out, F8 (Flyball, 78M)
Batting: RHB John Pineau 0-0: Called Strike
0-1: Ground out 5-3 (Groundball, 5S)
Batting: RHB Tommy Davenport 0-0: Ball
1-0: Foul Ball, location: 2F
1-1: Ball
2-1: Ball
3-1: Called Strike
3-2: Foul Ball, location: 2F
3-2: SOLO HOME RUN (Flyball, 7D), Distance : 394 ft
Batting: RHB Jake Erickson 0-0: Called Strike
0-1: Swinging Strike
0-2: Strikes out swinging
Top of the 1st over - 1 run(s), 1 hit(s), 0 error(s), 0 left on base; Shelby HS 1 - Maize HS 0
BOTTOM OF THE 1ST
Maize HS batting - Pitching for Shelby HS Rockets : RHP Max Briggs
Pitching: RHP Max Briggs
Batting: RHB Lawrence Howard 0-0: Ball
1-0: SINGLE (Groundball, 56D) (infield hit)
Pinch Runner at 1st Fletcher Richardson:
Batting: RHB Jorge Molina 0-0: Ball
1-0: Called Strike
1-1: Ball
2-1: Fielders Choice at 2nd, 5-4 (Groundball, 5L)
Batting: RHB Júlio Núńez 0-0: Called Strike
0-1: Fly out, F8 (Line Drive, 8LM)
Batting: SHB Tony Morrison 0-0: Ball
1-0: Ball
2-0: Foul Ball, location: 2F
2-1: Called Strike
2-2: Ball
Jorge Molina steals 2nd base
3-2: Fly out, F7 (Flyball, 78M)
Bottom of the 1st over - 0 run(s), 1 hit(s), 0 error(s), 1 left on base; Shelby HS 1 - Maize HS 0
TOP OF THE 2ND
Shelby HS Rockets batting - Pitching for Maize HS : RHP Tony Zamora
Now in CF: Fletcher Richardson
Batting: RHB David Randall 0-0: Called Strike
0-1: Ball
1-1: Ball
2-1: Called Strike
2-2: Strikes out swinging
Batting: RHB Rich Crabtree 0-0: Ball
1-0: Ball
2-0: Called Strike
2-1: Foul Ball, location: 2F
2-2: Ball
3-2: Strikes out swinging
Batting: RHB Jorge Ortíz 0-0: Reached on error, E5 (Groundball, 5)
Batting: RHB Don Jackson 0-0: Fly out, F3 (Popup, 3SF)
Top of the 2nd over - 0 run(s), 0 hit(s), 1 error(s), 1 left on base; Shelby HS 1 - Maize HS 0
BOTTOM OF THE 2ND
Maize HS batting - Pitching for Shelby HS Rockets : RHP Max Briggs
Batting: RHB Lorenzo Hernández 0-0: Ball
1-0: Ball
2-0: Fly out, F9 (Flyball, 89M)
Batting: SHB Ricardo Gómez 0-0: Ball
1-0: Called Strike
1-1: Foul Ball, location: 2F
1-2: Strikes out swinging
Batting: RHB Nelson Martínez 0-0: Ball
1-0: Ball
2-0: Foul Ball, location: 2F
2-1: TRIPLE (Flyball, 8LM)
Batting: RHB Frank Reed 0-0: Foul Ball, location: 2F
0-1: Ball
1-1: Ball
2-1: Ball
3-1: Base on Balls
Batting: LHB Carl Hodge 0-0: Ball
1-0: Fly out, F8 (Flyball, 8LM)
Bottom of the 2nd over - 0 run(s), 1 hit(s), 0 error(s), 2 left on base; Shelby HS 1 - Maize HS 0
TOP OF THE 3RD
Shelby HS Rockets batting - Pitching for Maize HS : RHP Tony Zamora
Batting: RHB Sean Merritt 0-0: Ball
1-0: Ball
2-0: SINGLE (Line Drive, 3D)
Batting: LHB Justin Tubridy 0-0: Grounds into double play, 6-4-3 (Groundball, 6M)
Batting: RHB John Pineau 0-0: Called Strike
0-1: Foul Ball, location: 2F
0-2: Foul Ball, location: 2F
0-2: Ball
1-2: Foul Ball, location: 2F
1-2: Foul Ball, location: 2F
1-2: Ball
2-2: Foul Ball, location: 2F
2-2: SOLO HOME RUN (Flyball, 78XD), Distance : 430 ft
Batting: RHB Tommy Davenport 0-0: Ball
1-0: Called Strike
1-1: Foul Ball, location: 2F
1-2: Ball
2-2: Ball
3-2: Base on Balls
Batting: RHB Jake Erickson 0-0: Ball
1-0: Ball
2-0: Ball
3-0: Base on Balls
Tommy Davenport to second
Batting: RHB David Randall 0-0: Swinging Strike
0-1: Ball
1-1: Ball
2-1: Ball
3-1: Foul Ball, location: 2F
3-2: Ground out 6-3 (Groundball, 6)
Top of the 3rd over - 1 run(s), 2 hit(s), 0 error(s), 2 left on base; Shelby HS 2 - Maize HS 0
BOTTOM OF THE 3RD
Maize HS batting - Pitching for Shelby HS Rockets : RHP Max Briggs
Batting: RHB Fletcher Richardson 0-0: Ball
1-0: Called Strike
1-1: Fly out, F8 (Flyball, 8RM)
Batting: RHB Jorge Molina 0-0: Ball
1-0: Ground out 6-3 (Groundball, 6)
Batting: RHB Júlio Núńez 0-0: Ball
1-0: SOLO HOME RUN (Flyball, 9D), Distance : 403 ft
Batting: SHB Tony Morrison 0-0: Called Strike
0-1: Ball
1-1: Fly out, F8 (Flyball, 8LM)
Bottom of the 3rd over - 1 run(s), 1 hit(s), 0 error(s), 0 left on base; Shelby HS 2 - Maize HS 1
TOP OF THE 4TH
Shelby HS Rockets batting - Pitching for Maize HS : RHP Tony Zamora
Batting: RHB Rich Crabtree 0-0: Called Strike
0-1: Ball
1-1: Foul Ball, location: 2F
1-2: Ball
2-2: Foul Ball, location: 2F
2-2: Strikes out looking
Batting: RHB Jorge Ortíz 0-0: Ball
1-0: Ball
2-0: Called Strike
2-1: Called Strike
2-2: Strikes out swinging
Batting: RHB Don Jackson 0-0: Called Strike
0-1: Ball
1-1: Called Strike
1-2: Ball
2-2: Ball
3-2: Strikes out swinging
Top of the 4th over - 0 run(s), 0 hit(s), 0 error(s), 0 left on base; Shelby HS 2 - Maize HS 1
BOTTOM OF THE 4TH
Maize HS batting - Pitching for Shelby HS Rockets : RHP Max Briggs
Batting: RHB Lorenzo Hernández 0-0: Ball
1-0: Ball
2-0: Fly out, F4 (Line Drive, 4)
Batting: SHB Ricardo Gómez 0-0: Ball
1-0: Foul Ball, location: 2F
1-1: Called Strike
1-2: Ball
2-2: SINGLE (Groundball, 34D)
Batting: RHB Nelson Martínez 0-0: Swinging Strike
0-1: Foul Ball, location: 2F
0-2: Strikes out looking
Batting: RHB Frank Reed 0-0: Ball
1-0: Fly out, F8 (Flyball, 8LM)
Bottom of the 4th over - 0 run(s), 1 hit(s), 0 error(s), 1 left on base; Shelby HS 2 - Maize HS 1
TOP OF THE 5TH
Shelby HS Rockets batting - Pitching for Maize HS : RHP Tony Zamora
Batting: RHB Sean Merritt 0-0: Ball
1-0: Ball
2-0: Called Strike
2-1: Ball
3-1: Base on Balls
Batting: LHB Justin Tubridy 0-0: Ball
1-0: Called Strike
1-1: Ball
2-1: Ball
3-1: Foul Ball, location: 2F
3-2: Foul Ball, location: 2F
3-2: Base on Balls
Sean Merritt to second
Pitching: RHP George Stout
Batting: RHB John Pineau 0-0: Called Strike
0-1: Ball
1-1: Ball
2-1: Foul Ball, location: 2F
2-2: Strikes out swinging
Batting: RHB Tommy Davenport 0-0: Ball
1-0: Called Strike
1-1: Foul Ball, location: 2F
1-2: Foul Ball, location: 2F
1-2: Strikes out swinging
Batting: RHB Jake Erickson 0-0: Ball
1-0: Foul Ball, location: 2F
1-1: Swinging Strike
1-2: Strikes out swinging
Top of the 5th over - 0 run(s), 0 hit(s), 0 error(s), 2 left on base; Shelby HS 2 - Maize HS 1
BOTTOM OF THE 5TH
Maize HS batting - Pitching for Shelby HS Rockets : RHP Max Briggs
Batting: LHB Carl Hodge 0-0: Ball
1-0: Foul Ball, location: 2F
1-1: Ball
2-1: Foul Ball, location: 2F
2-2: Ball
3-2: Base on Balls
Batting: RHB Fletcher Richardson 0-0: Foul Ball, location: 2F
0-1: Ball
1-1: Ground out 5-3 (Groundball, 5L)
Carl Hodge to second
Batting: RHB Jorge Molina 0-0: Called Strike
0-1: Fly out, F8 (Flyball, 8RM)
Batting: RHB Júlio Núńez 0-0: Ball
1-0: DOUBLE (Line Drive, 7LS)
Carl Hodge scores
Batting: SHB Tony Morrison 0-0: Ball
1-0: Foul Ball, location: 2F
1-1: Foul Ball, location: 2F
1-2: Ball
2-2: Ground out 6-3 (Groundball, 6M)
Bottom of the 5th over - 1 run(s), 1 hit(s), 0 error(s), 1 left on base; Shelby HS 2 - Maize HS 2
TOP OF THE 6TH
Shelby HS Rockets batting - Pitching for Maize HS : RHP George Stout
Batting: RHB David Randall 0-0: Swinging Strike
0-1: Swinging Strike
0-2: Ball
1-2: Ball
2-2: Strikes out swinging
Batting: RHB Rich Crabtree 0-0: Ball
1-0: Fly out, F8 (Flyball, 8LM)
Batting: RHB Jorge Ortíz 0-0: Foul Ball, location: 2F
0-1: Ball
1-1: Swinging Strike
1-2: Strikes out swinging
Top of the 6th over - 0 run(s), 0 hit(s), 0 error(s), 0 left on base; Shelby HS 2 - Maize HS 2
BOTTOM OF THE 6TH
Maize HS batting - Pitching for Shelby HS Rockets : RHP Max Briggs
Batting: RHB Lorenzo Hernández 0-0: Swinging Strike
0-1: Ball
1-1: Ball
2-1: Ball
3-1: Foul Ball, location: 2F
3-2: Ground out 5-3 (Groundball, 56S)
Batting: SHB Ricardo Gómez 0-0: Ball
1-0: SOLO HOME RUN (Line Drive, 89XD), Distance : 452 ft
Pitching: LHP Michael Hays
Batting: RHB Nelson Martínez 0-0: Called Strike
0-1: Ball
1-1: Swinging Strike
1-2: Strikes out swinging
Batting: RHB Frank Reed 0-0: Called Strike
0-1: Ball
1-1: Called Strike
1-2: Strikes out swinging
Bottom of the 6th over - 1 run(s), 1 hit(s), 0 error(s), 0 left on base; Shelby HS 2 - Maize HS 3
TOP OF THE 7TH
Shelby HS Rockets batting - Pitching for Maize HS : RHP George Stout
Pitching: LHP Leonard Simmons
Batting: RHB Don Jackson 0-0: Called Strike
0-1: DOUBLE (Flyball, 8RXD)
Batting: RHB Sean Merritt 0-0: Ground out 6-3 (Groundball, 6M)
Don Jackson to third
Batting: LHB Justin Tubridy 0-0: Foul Ball, location: 2F
0-1: Ball
1-1: Foul Ball, location: 2F
1-2: Ball
2-2: Ball
3-2: Base on Balls
Batting: RHB John Pineau 0-0: Called Strike
0-1: Called Strike
0-2: Ball
Wild Pitch!
Don Jackson scores
Justin Tubridy to second
1-2: Strikes out looking
Batting: RHB Tommy Davenport 0-0: Ball
Wild Pitch!
Justin Tubridy to third
1-0: Called Strike
1-1: Ball
2-1: Ground out 4-3 (Groundball, 34)
Top of the 7th over - 1 run(s), 1 hit(s), 0 error(s), 1 left on base; Shelby HS 3 - Maize HS 3
BOTTOM OF THE 7TH
Maize HS batting - Pitching for Shelby HS Rockets : LHP Michael Hays
Batting: LHB Carl Hodge 0-0: Ball
1-0: Ball
2-0: Called Strike
2-1: Swinging Strike
2-2: Foul Ball, location: 2F
2-2: Reached on error, E3 (Groundball, 3L)
Batting: RHB Fletcher Richardson 0-0: Ball
1-0: Foul Ball, location: 2F
1-1: Ball
2-1: Ball
3-1: Sac Bunt - play at first, batter safe!
Carl Hodge to second
Batting: RHB Jorge Molina 0-0: Called Strike
0-1: Foul Ball, location: 2F
0-2: Ball
1-2: SINGLE (Line Drive, 89S)
Carl Hodge to third
Fletcher Richardson to second
Runner from 3rd tries for Home, SAFE, throw made home
Fletcher Richardson to third
Jorge Molina to second
Batting: RHB Júlio Núńez 0-0: Intentional Walk
Batting: SHB Tony Morrison 0-0: Swinging Strike
0-1: Ball
1-1: Called Strike
1-2: Strikes out swinging
Batting: RHB Lorenzo Hernández 0-0: GRAND SLAM HOME RUN (Flyball, 9LD), Distance : 383 ft
Pitching: RHP Ricardo Delgado
Batting: SHB Ricardo Gómez 0-0: Swinging Strike
0-1: Ball
1-1: Foul Ball, location: 2F
1-2: Foul Ball, location: 2F
1-2: Ball
Error on foul ball, E5
2-2: TRIPLE (Flyball, 89M)
Batting: RHB Nelson Martínez 0-0: Foul Ball, location: 2F
0-1: Swinging Strike
0-2: Fly out, F9 (Flyball, 9LM)
Runner from 3rd tags up, SCORES, throw made
Batting: RHB Frank Reed 0-0: Ball
1-0: Ball
2-0: Called Strike
2-1: Ground out 4-3 (Groundball, 4)
Bottom of the 7th over - 6 run(s), 4 hit(s), 2 error(s), 0 left on base; Shelby HS 3 - Maize HS 9
TOP OF THE 8TH
Shelby HS Rockets batting - Pitching for Maize HS : LHP Leonard Simmons
Batting: RHB Jake Erickson 0-0: Called Strike
0-1: Called Strike
0-2: Foul Ball, location: 2F
0-2: Foul Ball, location: 2F
0-2: Ball
1-2: Strikes out swinging
Batting: RHB David Randall 0-0: Ball
1-0: Ball
2-0: Ball
3-0: Base on Balls
Batting: RHB Rich Crabtree 0-0: Ball
Wild Pitch!
David Randall to second
1-0: Foul Ball, location: 2F
Single, Error in OF, E7, batter to second base
David Randall scores
Batting: RHB Jorge Ortíz 0-0: Swinging Strike
0-1: Swinging Strike
0-2: Ball
1-2: Foul Ball, location: 2F
1-2: Strikes out swinging
Batting: RHB Don Jackson 0-0: Called Strike
0-1: Ball
1-1: Fly out, F4 (Popup, 4M)
Top of the 8th over - 1 run(s), 1 hit(s), 1 error(s), 1 left on base; Shelby HS 4 - Maize HS 9
BOTTOM OF THE 8TH
Maize HS batting - Pitching for Shelby HS Rockets : RHP Ricardo Delgado
Batting: LHB Carl Hodge 0-0: Foul Ball, location: 2F
0-1: Ball
1-1: Called Strike
1-2: Strikes out swinging
Batting: RHB Fletcher Richardson 0-0: Ball
1-0: Foul Ball, location: 2F
1-1: Swinging Strike
1-2: Strikes out swinging
Batting: RHB Jorge Molina 0-0: Called Strike
0-1: Foul Ball, location: 2F
0-2: Ball
1-2: Ball
2-2: Ball
3-2: Base on Balls
Batting: RHB Júlio Núńez 0-0: Ball
Jorge Molina steals 2nd base
1-0: Called Strike
1-1: Ball
2-1: Foul Ball, location: 2F
2-2: Ground out 6-3 (Groundball, 56)
Bottom of the 8th over - 0 run(s), 0 hit(s), 0 error(s), 1 left on base; Shelby HS 4 - Maize HS 9
TOP OF THE 9TH
Shelby HS Rockets batting - Pitching for Maize HS : LHP Leonard Simmons
Batting: RHB Sean Merritt 0-0: Foul Ball, location: 2F
0-1: Foul Ball, location: 2F
0-2: Strikes out swinging
Batting: LHB Justin Tubridy 0-0: Called Strike
0-1: Fly out, F9 (Flyball, 89M)
Batting: RHB John Pineau 0-0: Foul Ball, location: 2F
0-1: Ball
1-1: Swinging Strike
1-2: Strikes out swinging
Top of the 9th over - 0 run(s), 0 hit(s), 0 error(s), 0 left on base; Shelby HS 4 - Maize HS 9
This league is powered by Out of the Park Baseball, the baseball management simulation game for PC, Mac and Linux
Tuesday, August 2nd, 2016 - OOTP Baseball 16.8 Build 38